 Dungeon Crawl Stone Soup version 0.23.2-1-ga50397a6bc (webtiles) character file.

Game seed: 8759567058997347709

63 Mrkan the Slasher (level 3, 0/34 HPs)
             Began as a Minotaur Berserker on May 20, 2019.
             Was a Believer of Trog.
             Succumbed to an orc's poison
             ... on level 3 of the Dungeon.
             The game lasted 00:02:06 (1402 turns).

Mrkan the Slasher (Minotaur Berserker)              Turns: 1402, Time: 00:02:06

Health: 0/34       AC:  2    Str: 22    XL:     3   Next: 87%
Magic:  2/2        EV: 12    Int:  4    God:    Trog [**....]
Gold:   101        SH:  0    Dex:  9    Spells: 2/2 levels left

rFire    . . .     SeeInvis .   a - +0 falchion
rCold    . . .     Gourm    .   (no shield)
rNeg     . . .     Faith    .   b - +0 animal skin
rPois    .         Spirit   .   (helmet restricted)
rElec    .         Reflect  .   (no cloak)
rCorr    .         Harm     .   (no gloves)
MR       .....                  (no boots)
Stlth    +.........             (no amulet)
HPRegen  0.11/turn              (no ring)
MPRegen  0.08/turn              (no ring)

@: lethally poisoned (0 -> -8)
A: retaliatory headbutt, horns 2
a: Berserk, Trog's Hand, Renounce Religion


You were on level 3 of the Dungeon.
You worshipped Trog.
Trog was pleased with you.
You were not hungry.

You visited 1 branch of the dungeon, and saw 3 of its levels.

You collected 101 gold pieces.

Inventory:

Hand Weapons
 a - a +0 falchion (weapon)
 h - a +2 antimagic spear
Armour
 b - a +0 animal skin (worn)
Jewellery
 i - an uncursed ring of poison resistance {unknown}
Scrolls
 e - 4 scrolls of identify {unknown}
 f - 3 scrolls of remove curse {unknown}
 g - a scroll of teleportation {unknown}
Potions
 d - a potion of curing {unknown}
 k - a potion of invisibility {unknown}
Comestibles
 c - 5 rations
 j - 5 chunks of flesh


   Skills:
 + Level 4.4 Fighting
 * Level 5.2 Long Blades
 - Level 2.4 Armour
 - Level 2.1 Dodging


You had 2 spell levels left.
You didn't know any spells.
Your spell library was empty.

Dungeon Overview and Level Annotations

Branches:
Dungeon (3/15)

Altars:
Sif Muna


Innate Abilities, Weirdness & Mutations

You reflexively headbutt those who attack you in melee.
You have a pair of horns on your head.


Message History

Trog accepts your kill.
You feel sick. The orc barely misses you.
You feel sick. The orc closely misses you.
Items here: $ ) [ † a +2 dagger of venom; a +0 leather armour; 8 gold pieces; an orc corpse You feel sick.
The orc hits you with a +0 flail.
* * * LOW HITPOINT WARNING * * *
* * * LOW HITPOINT WARNING * * *
You feel sick.
* * * LOW HITPOINT WARNING * * *
You feel sick.
* * * LOW HITPOINT WARNING * * *
You feel sick.
* * * LOW HITPOINT WARNING * * *
You feel sick.
* * * LOW HITPOINT WARNING * * *
You feel sick.
* * * LOW HITPOINT WARNING * * *
You feel sick.
You die...

####..........).......
#.....................
#.....................
#.....................
+.............o.......
#.....................
#.^..........ooo......
###.....................
...###..........@.......
...###..................
........................
#'#.##..................
# #.##..................
#.#.##..................
#'#†##..................
....##..................
.....#.#######


You could see an orc priest and 3 orcs.

Vanquished Creatures
  An ooze (D:3)
  3 dart slugs
  3 leopard geckos (D:1)
  4 orcs (D:3)
  5 goblins
  4 hobgoblins
  4 jackals (D:1)
  6 kobolds
  5 bats
  3 frilled lizards (D:1)
  6 rats
44 creatures vanquished.

Notes
Turn   | Place    | Note
-------+----------+-------------------------------------------
     0 | D:1      | Mrkan the Minotaur Berserker began the quest for the Orb.
     0 | D:1      | Reached XP level 1. HP: 19/19 MP: 0/0
    66 | D:1      | Reached skill level 4 in Long Blades
   105 | D:1      | Reached XP level 2. HP: 16/27 MP: 1/1
   541 | D:1      | Reached ** piety under Trog
   541 | D:1      | Reached XP level 3. HP: 33/33 MP: 2/2
   826 | D:2      | Found a deep blue altar of Sif Muna.
  1334 | D:3      | Reached skill level 5 in Long Blades
  1401 | D:3      | HP: 1/34 [poisoned by an orc]
  1402 | D:3      | Succumbed to an orc's poison

Skill      XL: |  1  2  3 |
---------------+----------+-----
Long Blades    | 4 5 |  5.2
Fighting       | 4 |  4.4
Armour         | |  2.4
Dodging        | |  2.1

Action                   || total
-------------------------++-------
Melee: Falchion          ||    72
       Headbutt          ||    12
  Eat: Chunk             ||     2
Armor: Animal skin       ||    17
Dodge: Dodged            ||    59
       Rpst.: Falchion   ||    18
